 Dungeon Crawl Stone Soup version 0.28.0-53-g5a82cb258f (webtiles) character file.

Game seed: 17739984754708969533

42417 sanboga the Brawler (level 13, -15/139 HPs)
             Began as a Troll Berserker on Aug 6, 2022.
             Was a High Priest of Trog.
             Demolished by a frost giant
             ... wielding a +0 battleaxe of freezing
              (29 damage)
             ... in an ice cave.
             The game lasted 00:28:20 (13309 turns).

sanboga the Brawler (Troll Berserker)              Turns: 13309, Time: 00:28:20

Health: -15/139    AC: -2    Str: 35    XL:     13   Next: 85%
Magic:  12/12      EV: 18    Int:  3    God:    Trog [*****.]
Gold:   1372       SH:  0    Dex: 14    Spells: 12/12 levels left

rFire   + + .      SeeInvis .     - Unarmed
rCold   + + .      Faith    .   (no shield)
rNeg    . . .      Spirit   .   x - +2 robe {rC+ rF+}
rPois   .          Reflect  .   (helmet restricted)
rElec   .          Harm     .   (no cloak)
rCorr   .          Rampage  .   (gloves unavailable)
Will    .....                   (boots unavailable)
Stlth   +.........              (no amulet)
HPRegen 1.13/turn               k - +4 ring of evasion
MPRegen 0.13/turn               t - ring of Hiptad {*Corrode rF+ rC+ Str+3 Dex+5}

@: corroded, on berserk cooldown, slowed, studying 2 skills, very slow
A: large, unfitting armour, claws 3, regeneration 1, shaggy fur 1, tough skin 1
a: Renounce Religion, Berserk, Trog's Hand, Brothers in Arms


You were in an ice cave.
You worshipped Trog.
Trog was extremely pleased with you.
You visited 3 branches of the dungeon, and saw 16 of its levels.
You also visited: Sewer, Gauntlet and Ice Cave.

You collected 1372 gold pieces.

Inventory:

Hand Weapons
 E - a +4 scimitar of flaming
Armour
 b - a +0 troll leather armour {Pargi}
 x - a +2 robe of resistance (worn)
Jewellery
 k - a +4 ring of evasion (left claw)
 s - a ring of protection from fire
 t - the ring of Hiptad (right claw) {*Corrode rF+ rC+ Str+3 Dex+5}
   (You took it off a gnoll on level 7 of the Dungeon)

   [ring of protection from cold]

   Str:       It affects your strength (+3).
   Dex:       It affects your dexterity (+5).
   rF:        It protects you from fire.
   rC:        It protects you from cold.
   *Corrode:  It may corrode you when you take damage.
 D - a ring of flight
Wands
 o - a wand of flame (43)
 u - a wand of iceblast (16)
 w - a wand of polymorph (7)
 y - a wand of mindburst (9)
 B - a wand of digging (5)
 F - a wand of acid (3)
 G - a wand of paralysis (10)
Scrolls
 d - 3 scrolls of blinking
 f - 6 scrolls of enchant armour
 j - a scroll of fog
 m - 6 scrolls of enchant weapon
 n - 10 scrolls of teleportation
 p - a scroll of fear
 q - a scroll of brand weapon
 r - 4 scrolls of identify
 C - a scroll of silence
Potions
 a - 2 potions of resistance
 c - 2 potions of haste
 e - 7 potions of curing
 g - 2 potions of mutation
 h - 2 potions of flight
 l - a potion of ambrosia
 v - a potion of might
 z - a potion of invisibility
 A - a potion of berserk rage


   Skills:
 + Level 11.8 Fighting
 + Level 10.7 Dodging
 * Level 17.3 Unarmed Combat


You had 12 spell levels left.
You didn't know any spells.
Your spell library was empty.

Dungeon Overview and Level Annotations

Branches:
Dungeon (14/15)            Temple (1/1) D:4            Lair (0/6) D:10
    Orc (1/2) D:11         Vaults (0/5) D:13          Sewer (visited)
  IceCv (1/1)             Gauntlet (visited)

Altars:
Cheibriados
Fedhas
Okawaru
Vehumet

Shops:
D:13 (

Annotations:
D:9 1 runed translucent door, styxcanada's ghost, journeyman SpBr


Innate Abilities, Weirdness & Mutations

You are too large for most types of armour.
You have claws for hands.
Your natural rate of healing is unusually fast.
You are covered in fur. (AC +1)
You have tough skin. (AC +1)


Message History

The ice dragon claws you! The ice dragon closely misses you.
You mangle the frost giant!!
The frost giant is moderately wounded.
You eviscerate the frost giant!!!
The frost giant is almost dead.
The frost giant hits you with a +0 battleaxe of freezing!!
The frost giant freezes you.
Your corrosive artefact corrodes you!
The ice dragon misses you. The ice dragon barely misses you.
The ice dragon tramples you!
* * * LOW HITPOINT WARNING * * *
You hold your ground!
You eviscerate the ice dragon!!!
The ice dragon is heavily wounded.
You claw the ice dragon! Your claw misses the ice dragon.
The ice dragon is heavily wounded.
The frost giant completely misses you. The ice dragon bites you!
* * * LOW HITPOINT WARNING * * *
The ice dragon closely misses you. The ice dragon barely misses you.
You scratch the ice dragon but do no damage.
The ice dragon is heavily wounded.
You closely miss the ice dragon.
The ice dragon is heavily wounded.
The frost giant points at you and mumbles some strange words.
The bolt of cold hits you!! You resist.
* * * LOW HITPOINT WARNING * * *
The ice dragon misses you. x2; The ice dragon completely misses you.
You mangle the ice dragon!!
You claw the ice dragon, but do no damage.
The ice dragon is almost dead.
You are no longer berserk.
You are exhausted.
You feel yourself slow down.
As you read the scroll of fear, it crumbles to dust.
You assume a fearsome visage.
The polar bear looks frightened! x2
The frost giant resists with almost no effort.
The rime drake looks frightened!
The ice dragon looks frightened!
The white ugly thing looks frightened!
The frost giant hits you with a +0 battleaxe of freezing!!
You die...

###
#..
##..#
#....
..k.#
#u.h
#hC##
#D@#
##†#
##.#
#.##
#.##
#..#
##.#
##.#
###.##


You could see a frost giant, an ice dragon (fleeing), a white ugly thing
(fleeing), 2 polar bears and a rime drake (fleeing).

Vanquished Creatures
  Kirke (D:12)
  A frost giant (IceCv)
  Azrael (D:13)
  A minotaur (Gauntlet)
  A white draconian (IceCv)
  A vault guard (D:13)
  2 hydras
  2 boulder beetles
  An ironbound frostheart (IceCv)
  2 centaur warriors (D:13)
  The ghost of adizb the Grappler, a novice TrMo of Makhleb (D:7)
  A catoblepas (D:13)
  A death knight (D:12)
  5 two-headed ogres
  An orange crystal statue (IceCv)
  The ghost of Tirrikindir the Ruffian, a novice TrFi of Ru (D:6)
  A death drake (Gauntlet)
  4 deep elf pyromancers
  2 spectral centaurs (Gauntlet)
  5 cyclopes
  8 ugly things
  An apocalypse crab (Gauntlet)
  2 gargoyles
  2 kobold demonologists (D:12)
  A freezing wraith (D:12)
  10 rime drakes (IceCv)
  An efreet (D:13)
  A komodo dragon (D:8)
  An unseen horror (D:11)
  A tengu conjurer (D:13)
  A queen bee (D:13)
  4 trolls
  3 meliai (D:13)
  9 polar bears (IceCv)
  4 hornets
  2 dream sheep (D:9)
  A slime creature (D:13)
  2 shadows
  3 wyverns
  4 wraiths (D:12)
  Grum (D:9)
  2 steam dragons
  3 fire elementals (D:13)
  2 hogs (D:12)
  3 vampire mosquitoes (D:13)
  Edmund (D:5)
  An acid dragon (D:5)
  2 water moccasins
  4 hell hounds (D:13)
  Pargi (Sewer)
  3 orc warriors
  A sky beast (D:6)
  A necrophage (D:7)
  An ogre (D:3)
  6 centaurs
  6 wolves
  5 phantoms
  14 kobold brigands
  A wyvern zombie (D:7)
  A bullfrog (D:6)
  6 gnoll sergeants
  A scorpion (D:5)
  A water moccasin skeleton (D:6)
  16 killer bees
  6 howler monkeys
  3 wights (D:9)
  2 troll zombies (D:11)
  An electric eel (D:10)
  A bullfrog zombie (D:5)
  3 centaur zombies
  6 orc priests
  2 bullfrog skeletons (D:5)
  6 hounds
  A jelly (D:7)
  2 gnoll shamans
  2 iguanas
  4 orc wizards
  A killer bee zombie (D:7)
  4 ogre zombies (D:11)
  2 hound skeletons
  A howler monkey zombie (D:8)
  37 gnolls
  14 adders
  4 white imps
  An adder skeleton (D:5)
  3 worms (D:2)
  3 dart slugs
  38 orcs
  5 bats
  7 endoplasms
  6 giant cockroaches
  9 hobgoblins
  22 jackals
  10 ball pythons
  10 frilled lizards
  4 goblins
  3 goblin zombies (D:11)
  4 hobgoblin zombies (D:11)
  14 kobolds
  3 orc skeletons (D:11)
  9 orc zombies (D:11)
  6 rats
438 creatures vanquished.

Vanquished Creatures (others)
  24 demonic plants (Gauntlet)
  5 fungi (Gauntlet)
  43 plants
72 creatures vanquished.

Grand Total: 510 creatures vanquished

Notes
Turn   | Place    | Note
-------+----------+-------------------------------------------
     0 | D:1      | sanboga the Troll Berserker began the quest for the Orb.
     0 | D:1      | Reached XP level 1. HP: 22/22 MP: 0/0
   121 | D:1      | Reached XP level 2. HP: 28/29 MP: 1/1
   186 | D:1      | Found a faded altar of an unknown god.
   641 | D:2      | Reached XP level 3. HP: 36/36 MP: 2/2
   647 | D:2      | Reached ** piety under Trog
   781 | D:2      | Reached skill level 4 in Unarmed Combat
   838 | D:2      | Reached XP level 4. HP: 44/44 MP: 3/3
  1304 | D:3      | Noticed a phantom
  1310 | D:3      | Killed a phantom
  1311 | D:3      | Reached XP level 5. HP: 53/53 MP: 4/4
  1446 | D:3      | Reached skill level 5 in Unarmed Combat
  1585 | D:3      | Reached XP level 6. HP: 40/61 MP: 5/5
  1596 | D:3      | Reached *** piety under Trog
  2292 | D:3      | Reached skill level 6 in Unarmed Combat
  2298 | D:3      | Reached XP level 7. HP: 63/68 MP: 6/6
  2940 | D:4      | Found a radiant altar of Vehumet.
  3010 | D:4      | Reached **** piety under Trog
  3039 | D:4      | Found a staircase to the Ecumenical Temple.
  3299 | Temple   | Entered the Ecumenical Temple
  3311 | D:5      | Entered Level 5 of the Dungeon
  3359 | D:5      | Found a glowing drain.
  3372 | Sewer    | Entered a sewer
  3396 | Sewer    | Noticed Pargi
  3406 | Sewer    | Killed Pargi
  3407 | Sewer    | Reached skill level 7 in Unarmed Combat
  3690 | D:5      | Reached XP level 8. HP: 79/79 MP: 7/7
  4077 | D:5      | Noticed Edmund
  4084 | D:5      | Killed Edmund
  4085 | D:5      | Reached skill level 5 in Fighting
  4085 | D:5      | Reached skill level 5 in Dodging
  4085 | D:5      | Reached skill level 8 in Unarmed Combat
  4718 | D:6      | Reached skill level 9 in Unarmed Combat
  4718 | D:6      | Reached XP level 9. HP: 88/88 MP: 8/8
  4730 | D:6      | Found a runed translucent gate.
  4730 | D:6      | Found a runed translucent gate.
  4731 | D:6      | Found a runed translucent gate.
  4732 | D:6      | Noticed Tirrikindir's ghost (novice TrFi)
  5338 | D:6      | Killed Tirrikindir's ghost
  5354 | D:6      | Reached skill level 10 in Unarmed Combat
  5671 | D:7      | Reached ***** piety under Trog
  5827 | D:7      | Found a transporter.
  5879 | D:7      | Identified the ring of Hiptad {*Corrode rF+ rC+ Str+3
                  | Dex+5}
  5882 | D:7      | Noticed adizb's ghost (novice TrMo)
  5918 | D:7      | Found a transporter.
  6245 | D:7      | Killed adizb's ghost
  6246 | D:7      | Reached XP level 10. HP: 78/100 MP: 9/9
  6360 | D:7      | Reached skill level 11 in Unarmed Combat
  6682 | D:8      | Received a gift from Trog
  7161 | D:9      | Noticed Grum
  7175 | D:9      | Killed Grum
  7245 | D:9      | Paralysed by a hornet for 2 turns
  7305 | D:9      | Found a snail-covered altar of Cheibriados.
  7409 | D:9      | Noticed styxcanada's ghost (journeyman SpBr)
  7526 | D:9      | Found a runed translucent door.
  7604 | D:9      | Reached skill level 12 in Unarmed Combat
  7622 | D:9      | Noticed a two-headed hydra
  7636 | D:9      | Killed a one-headed hydra
  7735 | D:10     | Entered Level 10 of the Dungeon
  7865 | D:10     | Reached XP level 11. HP: 61/109 MP: 10/10
  7949 | D:10     | Found a staircase to the Lair.
  8084 | D:10     | Noticed a two-headed ogre
  8090 | D:10     | Killed a two-headed ogre
  8400 | D:11     | Noticed a red ugly thing
  8404 | D:11     | Killed a red ugly thing
  8451 | D:11     | Found a staircase to the Orcish Mines.
  8593 | D:11     | Reached skill level 13 in Unarmed Combat
  8615 | D:11     | Noticed a two-headed ogre
  8622 | D:11     | Killed a two-headed ogre
  8991 | D:11     | Noticed a two-headed ogre
  8998 | D:11     | Killed a two-headed ogre
  9405 | D:11     | Noticed a two-headed ogre
  9410 | D:11     | Killed a two-headed ogre
  9681 | Orc:1    | Entered Level 1 of the Orcish Mines
  9759 | D:12     | Noticed a boulder beetle
  9759 | D:12     | Found a gate leading to a gauntlet.
  9765 | D:12     | Noticed a death knight
  9773 | D:12     | Killed a boulder beetle
  9774 | D:12     | Reached skill level 14 in Unarmed Combat
  9784 | Gauntlet | Entered a Gauntlet
  9784 | Gauntlet | Found a large runed translucent door.
  9784 | Gauntlet | Found a large runed translucent door.
  9784 | Gauntlet | Found a large runed translucent door.
  9784 | Gauntlet | Found a large runed translucent door.
  9784 | Gauntlet | Found a runed translucent door.
  9784 | Gauntlet | Found a large runed translucent door.
  9784 | Gauntlet | Found a large runed translucent door.
  9784 | Gauntlet | Found a transporter.
  9784 | Gauntlet | Found a transporter.
  9784 | Gauntlet | Found a large runed translucent door.
  9784 | Gauntlet | Found a large runed translucent door.
  9784 | Gauntlet | Found a runed translucent gate.
  9784 | Gauntlet | Found a runed translucent gate.
  9784 | Gauntlet | Found a transporter.
  9801 | Gauntlet | Found a transporter.
  9802 | Gauntlet | Found a transporter.
  9807 | Gauntlet | Noticed a wizard
  9807 | Gauntlet | Noticed a wizard
  9812 | Gauntlet | Found a transporter.
  9816 | Gauntlet | Found a transporter.
  9819 | Gauntlet | Noticed a thrashing horror
  9821 | Gauntlet | Noticed a death drake
  9822 | Gauntlet | Noticed a thrashing horror
  9826 | Gauntlet | Found a transporter.
  9847 | Gauntlet | Noticed a fire crab
  9847 | Gauntlet | a yaktaur changed into a fire crab
  9849 | Gauntlet | a fire crab changed into a meliai
  9936 | Gauntlet | Found a transporter.
  9954 | Gauntlet | Found a transporter.
  9958 | Gauntlet | Found a transporter.
  9968 | Gauntlet | Found a transporter.
  9974 | Gauntlet | Found a runed translucent gate.
  9975 | Gauntlet | Found a large runed translucent door.
  9975 | Gauntlet | Found a large runed translucent door.
  9976 | Gauntlet | Found a large runed translucent door.
  9977 | Gauntlet | Found a large runed translucent door.
  9978 | Gauntlet | Found a large runed translucent door.
  9978 | Gauntlet | Found a large runed translucent door.
  9978 | Gauntlet | Found a runed translucent door.
  9979 | Gauntlet | Found a large runed translucent door.
  9980 | Gauntlet | Found a large runed translucent door.
 10010 | Gauntlet | Paralysed by a hornet for 3 turns
 10020 | Gauntlet | Reached XP level 12. HP: 19/122 MP: 11/11
 10094 | Gauntlet | Identified the +0 pair of gloves "Jocoahox" {rCorr Str-5
                  | Int+10}
 10140 | Gauntlet | Identified the ring "Cecoliuh" {Wiz Str+6}
 10232 | Gauntlet | Identified the +5 fustibalus "Zismaciot" {speed, rPois rC+
                  | Dex-3}
 10232 | Gauntlet | Noticed a minotaur
 10239 | Gauntlet | Killed a minotaur
 10375 | D:12     | Killed a death knight
 10556 | D:12     | Noticed Kirke
 10567 | D:12     | Killed Kirke
 10841 | D:12     | Reached skill level 15 in Unarmed Combat
 10915 | D:12     | Noticed a two-headed ogre
 10922 | D:12     | Killed a two-headed ogre
 11389 | D:12     | Identified a scroll of acquirement
 11397 | D:12     | Acquired a manual of Fighting
 11517 | D:13     | Noticed Azrael
 11555 | D:13     | Killed Azrael
 11555 | D:13     | Received a gift from Trog
 11726 | D:13     | Noticed a seven-headed hydra
 11729 | D:13     | Noticed a centaur warrior
 11730 | D:13     | Noticed a boulder beetle
 11731 | D:13     | Noticed a catoblepas
 11731 | D:13     | Noticed a vault guard
 11734 | D:13     | Killed a three-headed hydra
 11735 | D:13     | Reached skill level 10 in Fighting
 11736 | D:13     | Noticed a centaur warrior
 11924 | D:13     | Reached XP level 13. HP: 97/133 MP: 12/12
 12115 | D:13     | Found Luffut's Weapon Emporium.
 12123 | D:13     | Reached skill level 10 in Dodging
 12123 | D:13     | Reached skill level 16 in Unarmed Combat
 12672 | D:13     | Found a gate to the Vaults.
 12812 | D:14     | Found a frozen archway.
 12818 | IceCv    | Entered an ice cave
 13201 | IceCv    | Noticed a white draconian
 13206 | IceCv    | Killed a white draconian
 13207 | IceCv    | Reached skill level 17 in Unarmed Combat
 13220 | IceCv    | Identified the +1 leather armour of Atzoich {rElec}
 13273 | IceCv    | Noticed a frost giant
 13273 | IceCv    | Noticed a frost giant
 13295 | IceCv    | Killed a frost giant
 13309 | IceCv    | Demolished by a frost giant

Illustrated notes

Levels and vault maps discovered:
D:1:      heliophobic_arrival_glass_houses, layout_rooms,
          basic_ecumenical_altar, minmay_surrounded
D:2:      layout_basic
D:3:      lemuel_castle_with_subvaults [lemuel_castle_interior_carwin_1],
          layout_loops_cross, minmay_misc_feat_iff
D:4:      layout_rooms, vehumet_crystals, minmay_temple_entry_drinking_statues
D:5:      layout_basic, portal_sewer_entry_d, guppyfry_early_orc_mine,
          uniq_edmund
D:6:      layout_basic, gammafunk_ghost_nasty_kobolds
D:7:      layout_loops_ring, gammafunk_ghost_gnarly_gnolls
D:8:      layout_gridville, uniq_erica
D:9:      layout_cave_pools, old_standard_altar, hellmonk_ghost_big_iron,
          hangedman_ranch, uniq_grum
D:10:     layout_roguey, erik_lair_island
D:11:     layout_stronghold, zombieorc1_lemuel
D:12:     layout_roguey, gauntlet_entry_generic, serial_rivers,
          chequers_serial_rivers_room_b, chequers_serial_rivers_small_b,
          chequers_serial_rivers_marsh, chequers_serial_rivers_micro_e,
          chequers_serial_rivers_large_a, chequers_serial_rivers_small_3,
          uniq_kirke
D:13:     layout_loops_ring, david_vaults_5, serial_shops,
          nicolae_stop_n_shop_1, grunt_decor_junction,
          nicolae_looking_at_the_future, uniq_azrael
D:14:     layout_roguey, portal_ice_cave_entry_pillars_four, minivault_8
Temple:   regret_index_temple_chain_breaker
Orc:1:    layout_caves, serial_shops, shop, nicolae_shop_advertising_works
          [nicolae_subvault_shop_adworks], nicolae_orc_crystal_geode
IceCv:    ice_cave_caverns_03

Skill      XL: |  1  2  3  4  5  6  7  8  9 10 11 12 13 |
---------------+----------------------------------------+-----
Unarmed Combat | 4 5 6 7 9 10 12 14 15 17 | 17.3
Dodging        | 3 4 5 6 7 8 9 10 | 10.7
Fighting       | 3 4 5 6 7 8 10 11 | 11.8

Action                   |  1- 3 |  4- 6 |  7- 9 | 10-12 | 13-15 || total
-------------------------+-------+-------+-------+-------+-------++-------
Melee: Unarmed           |    77 |   192 |   329 |   459 |   180 ||  1237
       Punch             |       |     3 |    10 |    47 |    17 ||    77
       Falchion          |       |       |       |     5 |       ||     5
       Scimitar          |       |       |       |    10 |       ||    10
Invok: Berserk           |       |     3 |     5 |    14 |     7 ||    29
       Trog's Hand       |       |       |       |     1 |       ||     1
Evoke: Wand              |       |       |       |     3 |     1 ||     4
  Use: Scroll            |       |     1 |    19 |    11 |     3 ||    34
       Potion            |       |       |     1 |       |     2 ||     3
 Stab: Sleeping          |     1 |       |       |       |       ||     1
       Petrified         |       |       |       |       |     2 ||     2
Armor: Animal skin       |    20 |    73 |    18 |       |       ||   111
       Troll leather arm |       |       |    39 |   103 |    20 ||   162
       Robe              |       |       |       |       |    14 ||    14
Dodge: Dodged            |    35 |   123 |   202 |   463 |   127 ||   950
